Map: [ESL] Babylon

Players

Kelazhur

  • Race: Terran Terran
  • Spawn Location: 11:00

Serral - Winner!

  • Race: Zerg Zerg
  • League: Diamond
  • Spawn Location: 5:00

Event: ESL SC2 Masters 2023 Summer (Finals)

VOD

Have the link to the VOD?

Description

Time

  • Played on: June 16, 2023, 10:44 a.m.
  • Length: 14:33

All games in this series

Show
View Real Time Build Order
Export as new Build Order

Kelazhur Terran 

Build Orders: Reaper Expand 

Get SALT Encoding   

  12  0:00  SCV  
  13  0:12  SCV  
  14  0:17  Supply Depot  
  14  0:24  SCV  
  15  0:38  SCV  
  15  0:40  Barracks  
  16  0:43  Refinery  
  16  0:50  SCV  
  17  1:02  SCV  
  18  1:15  SCV  
  19  1:26  Reaper  
  19  1:27  Orbital Command  
  20  1:39  Command Center  
  20  1:47  Supply Depot  
  20  1:52  SCV  
  21  1:58  Marine  
  22  2:03  Factory  
  22  2:07  SCV  
  23  2:16  Marine  
  23  2:19  SCV  
  25  2:31  SCV  
  25  2:35  Barracks Reactor  
  26  2:43  SCV  
  27  2:45  Command Center  
  27  2:48  Factory Tech Lab  
  27  2:55  SCV  
  28  3:00  Refinery  
  28  3:08  Orbital Command, Cyclone  
  28  3:10  SCV  
  32  3:13  Marine  
  32  3:15  Marine  
  34  3:22  SCV  
  35  3:35  SCV x2  
  35  3:39  Bunker  
  37  3:47  Barracks, SCV x2  
  39  3:49  Marine  
  39  3:50  Barracks  
  39  3:51  Factory Reactor  
  39  3:52  Stimpack  
  40  3:59  Orbital Command, SCV  
  40  4:01  SCV  
  42  4:07  Marine  
  43  4:11  SCV  
  43  4:14  SCV  
  43  4:16  Engineering Bay  
  44  4:19  Supply Depot  
  44  4:23  SCV  
  45  4:26  Marauder, SCV  
  45  4:29  SCV  
  49  4:35  SCV  
  49  4:37  Marine x2, Factory Tech Lab  
  49  4:38  SCV  
  53  4:40  Starport, Factory Reactor  
  53  4:45  SCV, Refinery  
  54  4:46  Refinery  
  54  4:47  Marine  
  54  4:48  Marine  
  54  4:49  Marine  
  57  4:55  Terran Infantry Weapons Level 1, Marine, SCV x2  
  57  4:57  SCV  
  57  4:59  Marine  
  62  5:05  Supply Depot  
  62  5:07  SCV  
  62  5:08  SCV, Marine x2  
  62  5:10  SCV  
  67  5:16  Supply Depot  
  67  5:20  SCV x2  
  69  5:22  Orbital Command, Factory Tech Lab  
  69  5:26  Marine x3  
  69  5:27  Supply Depot  
  72  5:28  Medivac  
  72  5:29  Medivac  
  72  5:32  SCV, Combat Shield  
  77  5:37  Marine x2  
  77  5:38  SCV  
  77  5:39  Supply Depot  
  80  5:44  SCV  
  80  5:46  Marine  
  80  5:47  Marine  
  83  5:50  SCV  
  83  5:51  SCV  
  83  5:53  Siege Tank  
  88  5:57  Barracks x2, SCV  
  88  6:00  Medivac  
  91  6:05  SCV, Marine x3  
  91  6:06  Marine  
  91  6:10  SCV  
  91  6:11  Armory  
  97  6:14  SCV  
  97  6:15  Engineering Bay  
  97  6:17  SCV  
  99  6:19  Marine  
  99  6:23  Marine  
  99  6:24  Supply Depot  
  101  6:35  SCV  
  101  6:36  SCV  
  101  6:38  SCV  
  101  6:39  Marine  
  100  6:40  Marine  
  100  6:45  Barracks Reactor  
  100  6:46  Medivac x2, Siege Tank, Barracks Tech Lab x2  
  100  6:47  SCV  
  108  6:48  SCV, Supply Depot  
  108  6:50  Supply Depot x2  
  109  6:58  Supply Depot  
  109  6:59  SCV  
  109  7:03  SCV, Supply Depot  
  109  7:04  SCV  
  109  7:06  Marine x6  
  109  7:08  Terran Infantry Weapons Level 2  
  117  7:09  Terran Infantry Armor Level 1  
  117  7:11  SCV  
  117  7:13  Marine  
  119  7:16  SCV  
  119  7:18  Siege Tank  
  118  7:32  Drilling Claws  
  118  7:33  Marine  
  118  7:35  Marine x4, Factory  
  118  7:37  Barracks Reactor  
  123  7:40  Refinery  
  123  7:41  Command Center, Supply Depot  
  123  7:50  Widow Mine, Marine, Medivac x2  
  130  7:53  Marine x4  
  130  7:56  SCV, Supply Depot  
  130  7:57  SCV  
  136  8:05  Supply Depot  
  134  8:08  Marine  
  134  8:10  Marine  
  134  8:11  Marauder  
  134  8:12  Refinery  
  138  8:15  Barracks  
  138  8:16  Barracks, Marine x4  
  138  8:18  Barracks  
  142  8:20  Terran Vehicle Weapons Level 1  
  142  8:26  Marine  
  141  8:28  Marine  
  141  8:31  Widow Mine x2  
  141  8:32  Widow Mine, Marine  
  140  8:34  Marine x3  
  143  8:48  Marine x2  
  143  8:50  Medivac x2  
  143  8:51  Marine, Marauder  
  143  8:52  Widow Mine x2, Marine  
  159  8:55  Widow Mine  
  159  8:56  SCV x2  
  159  8:59  Marine  
  158  9:09  Marine  
  157  9:13  Widow Mine  
  157  9:14  Widow Mine  
  160  9:17  Widow Mine  
  160  9:19  Marauder  
  160  9:23  SCV  
  163  9:24  Marine, Terran Infantry Armor Level 2  
  163  9:30  Liberator  
  163  9:31  Liberator  
  165  9:36  Marine, Marauder  
  166  9:38  Marine  
  166  9:39  Orbital Command, Marauder  
  166  9:41  Marine  
  166  9:42  Marine x4, Marauder  
  166  9:45  SCV x3  
  168  9:54  Marine  
  168  9:56  Marine  
  168  9:57  SCV  
  168  9:58  Widow Mine, Marauder  
  168  9:59  Marine x4  
  175  10:00  SCV x2  
  175  10:02  Terran Infantry Weapons Level 3  
  180  10:22  Command Center  
  180  10:23  Barracks Tech Lab x3  
  180  10:25  Supply Depot  
  180  10:26  Terran Vehicle Weapons Level 2  
  180  10:28  Ghost Academy  
  180  10:32  Marine  
  180  10:37  Factory Tech Lab  
  180  10:38  SCV  
  180  10:39  SCV x2  
  173  10:43  SCV, Marine  
  173  10:44  Marauder x2  
  173  10:46  Marauder  
  173  10:47  Siege Tank  
  170  10:50  SCV  
  170  10:51  Marauder, SCV  
  170  10:55  Refinery  
  170  10:56  Refinery  
  174  10:58  Command Center  
  174  11:00  Command Center  
  174  11:02  Medivac  
  174  11:03  Medivac, Concussive Shells  
  178  11:09  Ghost x3  
  180  11:13  Ghost  
  180  11:22  Supply Depot  
  180  11:23  Supply Depot  
  178  11:33  Siege Tank  
  178  11:35  Ghost x2  
  178  11:37  Marine x4  
  178  11:38  Marine x3  
  180  11:40  Siege Tank  
  165  11:58  Ghost  
  154  12:03  Marine, Marauder  
  154  12:04  Marine x3, Marauder x2  
  154  12:05  Marauder, Siege Tank  
  165  12:09  Marauder  
  165  12:13  Missile Turret  
  165  12:14  Refinery  
  160  12:31  Siege Tank  
  160  12:32  Marauder x2  
  160  12:36  Marauder x2  
  147  12:37  Siege Tank  
  147  12:38  Marine x4, Marauder x2  
  140  12:52  Liberator  
  140  12:53  Marine x2  
  140  12:55  Marine  
  140  12:56  Marine x3  
  140  12:57  Marine  
  145  12:59  Orbital Command, SCV x2  
  145  13:00  SCV  
  145  13:03  Orbital Command  
  145  13:04  Siege Tank  
  137  13:06  Ghost x2  
  137  13:09  Siege Tank  
  120  13:13  Ghost  
  120  13:14  SCV x3  
  119  13:26  SCV x3  
  122  13:32  Ghost  
  122  13:34  SCV x2  
  122  13:37  Siege Tank  
  122  13:38  SCV x3  
  127  13:46  SCV  
  127  13:47  SCV  
  129  13:50  SCV x3  
  132  13:59  SCV x2  
  132  14:02  SCV  
  138  14:04  Marauder x2  
  138  14:05  Marauder, Marine  
Show
View Real Time Build Order
Export as new Build Order

Serral Zerg - Winner!

Build Orders: Pool First, Lurkers 

Get SALT Encoding   

  12  0:00  Drone  
  13  0:12  Overlord  
  13  0:17  Drone  
  14  0:30  Drone x2  
  14  0:34  Drone  
  17  0:44  Spawning Pool  
  17  0:47  Drone  
  17  1:08  Hatchery  
  17  1:10  Drone  
  17  1:14  Drone  
  17  1:16  Extractor  
  17  1:18  Drone  
  18  1:30  Queen  
  18  1:32  Zergling x2  
  21  1:39  Overlord  
  21  1:48  Drone  
  22  1:59  Drone  
  23  2:06  Queen  
  25  2:11  Drone  
  26  2:17  Hatchery  
  26  2:21  Drone  
  26  2:23  Drone  
  27  2:31  Drone  
  27  2:32  Drone  
  28  2:40  Drone  
  28  2:41  Drone  
  28  2:43  Queen  
  32  2:47  Overlord  
  32  2:52  Drone  
  32  2:53  Drone  
  32  2:54  Drone  
  35  3:02  Roach Warren  
  34  3:08  Drone x2  
  34  3:09  Drone  
  37  3:14  Drone x2  
  37  3:16  Drone  
  37  3:18  Drone  
  41  3:21  Overlord  
  41  3:30  Overlord  
  41  3:31  Queen  
  43  3:41  Roach x2  
  43  3:43  Roach x2  
  43  3:46  Roach  
  43  3:48  Drone x2  
  55  3:53  Queen  
  57  3:57  Drone x2  
  57  3:58  Drone  
  57  3:59  Drone  
  61  4:04  Drone  
  61  4:05  Drone x2  
  61  4:07  Overlord  
  64  4:12  Drone  
  64  4:16  Overlord  
  65  4:18  Lair  
  65  4:25  Drone  
  65  4:26  Drone x5  
  65  4:27  Drone  
  65  4:29  Overlord  
  72  4:33  Drone x2  
  72  4:38  Extractor x2, Overlord  
  74  4:39  Drone  
  74  4:42  Drone  
  74  4:43  Drone  
  75  4:45  Overlord  
  75  4:54  Drone x7  
  75  4:58  Drone  
  75  4:59  Spore Crawler  
  82  5:02  Drone  
  83  5:08  Extractor  
  83  5:09  Extractor  
  83  5:10  Hatchery  
  83  5:11  Extractor  
  83  5:12  Overlord  
  79  5:14  Overlord  
  79  5:15  Roach x2  
  79  5:17  Overseer, Glial Reconstitution  
  79  5:19  Drone  
  84  5:24  Drone  
  84  5:25  Evolution Chamber x2  
  84  5:26  Drone x2  
  84  5:27  Drone  
  86  5:31  Overlord  
  86  5:34  Drone x4  
  86  5:35  Drone  
  91  5:40  Overlord, Infestation Pit  
  90  5:43  Roach  
  90  5:44  Roach  
  90  5:47  Roach  
  90  5:48  Roach  
  98  5:54  Zerg Missile Weapons Level 1, Zerg Ground Armor Level 1  
  98  5:56  Metabolic Boost  
  98  6:02  Drone x5  
  103  6:05  Roach x2  
  103  6:07  Zergling x2  
  103  6:09  Overlord  
  108  6:11  Drone x2  
  108  6:16  Roach  
  108  6:17  Roach x2  
  116  6:18  Infestor  
  116  6:20  Infestor  
  116  6:22  Overlord  
  120  6:27  Drone  
  120  6:28  Drone x2  
  120  6:29  Drone x2  
  125  6:35  Ravager  
  125  6:36  Roach  
  125  6:37  Roach x4  
  130  6:40  Ravager  
  130  6:45  Extractor  
  130  6:46  Extractor, Queen, Hydralisk Den  
  128  6:50  Zergling x14  
  137  6:54  Hive  
  137  7:01  Overseer  
  137  7:03  Drone  
  137  7:05  Overlord  
  137  7:06  Overlord x2  
  138  7:14  Hatchery, Overlord  
  137  7:16  Ravager  
  137  7:20  Roach x3  
  137  7:22  Lurker Den  
  139  7:27  Roach x3  
  139  7:28  Roach x2  
  148  7:32  Drone x5  
  148  7:36  Zergling x12  
  159  7:41  Overlord x2  
  159  7:42  Overlord  
  159  7:50  Zerg Ground Armor Level 2  
  159  7:51  Zerg Melee Weapons Level 1  
  159  7:56  Hydralisk x3  
  165  8:02  Hydralisk  
  165  8:03  Hydralisk x3  
  171  8:14  Zergling x2  
  171  8:15  Zergling x6  
  171  8:19  Seismic Spines  
  175  8:29  Overlord  
  175  8:30  Lurker  
  175  8:31  Lurker x6  
  181  8:35  Drone x6  
  187  8:43  Extractor  
  187  8:44  Overlord  
  187  8:45  Hydralisk  
  187  8:46  Hydralisk x4  
  187  8:47  Extractor, Overlord  
  195  8:51  Overlord  
  185  9:11  Lurker x5  
  185  9:16  Hydralisk x4, Adaptive Talons  
  190  9:28  Hydralisk x4  
  190  9:29  Zergling x18, Baneling Nest  
  198  9:34  Overlord, Overseer  
  191  9:38  Pneumatized Carapace  
  191  9:39  Overseer  
  187  9:47  Hydralisk x2  
  187  9:48  Hydralisk x5, Zergling x4  
  195  9:53  Hydralisk  
  195  9:54  Hydralisk, Zergling x10  
  189  10:00  Lurker x2  
  189  10:02  Hydralisk x2  
  189  10:03  Zergling x14  
  197  10:07  Muscular Augments  
  197  10:13  Drone  
  198  10:17  Zergling x4  
  200  10:34  Zerg Melee Weapons Level 2  
  200  10:35  Zerg Ground Armor Level 3  
  197  10:36  Centrifugal Hooks  
  185  10:43  Zergling x32  
  193  10:52  Drone  
  193  10:53  Drone x5  
  193  10:54  Lurker  
  200  10:58  Adrenal Glands, Hatchery  
  199  11:06  Lurker x4  
  199  11:11  Drone x3  
  199  11:12  Hatchery  
  195  11:19  Grooved Spines  
  195  11:21  Overseer  
  195  11:22  Lurker x3  
  193  11:33  Zergling x12  
  193  11:38  Viper  
  193  11:39  Viper  
  198  11:46  Zergling x4  
  200  11:47  Overseer  
  190  11:55  Zergling x24  
  193  12:04  Hydralisk x2, Zergling x2  
  193  12:05  Zergling x10  
  196  12:16  Zergling x6  
  199  12:26  Zergling x30  
  191  12:31  Zergling x6  
  191  12:36  Hydralisk  
  191  12:37  Hydralisk x5  
  171  12:44  Hydralisk  
  171  12:45  Hydralisk, Zergling x8  
  171  12:47  Hydralisk x2  
  178  12:54  Zergling x20  
  183  13:00  Ultralisk Cavern  
  183  13:01  Hydralisk x2  
  183  13:02  Zergling x6  
  183  13:04  Zergling x2  
  170  13:13  Hydralisk x7  
  170  13:16  Hydralisk x3  
  180  13:20  Burrow  
  180  13:23  Pathogen Glands  
  180  13:24  Zergling x28  
  189  13:29  Baneling x11  
  189  13:32  Lurker  
  189  13:33  Lurker x2  
  189  13:34  Lurker x2  
  191  13:42  Viper  
  191  13:43  Viper  
  191  13:44  Overseer  
  191  13:45  Zergling x6  
  198  14:06  Zergling x8  
Tags
 
Add a new tag
Caveats
  • Supply blocks, unpowered buildings, or Contaminate may cause inaccurate times.
  • Supply counts are checked every 10 seconds.